 Dungeon Crawl Stone Soup version 0.30.1-1-g62c8e00024 (webtiles) character file.

Game seed: 998900998866865524

221 Peloso the Covered (level 5, -6/47 HPs)
             Began as a Minotaur Fighter on July 17, 2023.
             Killed by nerve-wracking pain
             ... invoked by Grinder
              (8 damage)
             ... on level 3 of the Dungeon.
             The game lasted 00:05:38 (2302 turns).

Peloso the Covered (Minotaur Fighter)               Turns: 2302, Time: 00:05:38

Health: -6/47      AC:  8    Str: 20    XL:     5   Next: 65%
Magic:  4/4        EV:  9    Int:  5    God:
Gold:   191        SH:  5    Dex: 12    Spells: 4/4 levels left

rFire   . . .        a - +0 long sword
rCold   . . .        d - +0 buckler
rNeg    . . .        b - +0 scale mail
rPois   .            (helmet restricted)
rElec   .            (no cloak)
rCorr   .            f - +0 pair of gloves
SInv    .            (no boots)
Will    .....        (no amulet) Stlth
                     (no ring)
HPRegen 0.27/turn    (no ring)
MPRegen 0.09/turn

%: no passive effects
@: attractive
A: horns 2, retaliatory headbutt
a: no special abilities


You were on level 3 of the Dungeon.
You visited 1 branch of the dungeon, and saw 3 of its levels.

You collected 191 gold pieces.

Inventory:

Hand Weapons
 a - a +0 long sword (weapon)
 c - a +1 heavy spear
Armour
 b - a +0 scale mail (worn)
 d - a +0 buckler (worn)
 f - a +0 pair of gloves (worn)
Jewellery
 h - an amulet of magic regeneration
Scrolls
 k - a scroll of acquirement {unknown}
Potions
 e - a potion of haste
 g - 2 potions of cancellation
 i - a potion of invisibility
 j - a potion of attraction


   Skills:
 + Level 4.7 Fighting
 + Level 4.5 Long Blades
 + Level 4.9 Armour
 + Level 0.8 Dodging
 + Level 0.8 Stealth
 + Level 4.4 Shields


You had 4 spell levels left.
You didn't know any spells.
Your spell library contained the following spells:

 Spells                   Type           Power      Damage    Failure   Level
 Necrotise                Necr           0%         1d4       87%         1
 Vampiric Draining        Necr           0%         2d6       99%         3
 Agony                    Necr           0%         N/A       100%        5


Dungeon Overview and Level Annotations

Branches:
Dungeon (3/15)

Altars:

Shops:
D:2 (

Annotations:
D:3 Grinder


Innate Abilities, Weirdness & Mutations

You have a pair of horns on your head.
You reflexively headbutt those who attack you in melee.


Message History

Grinder is severely wounded.
Grinder hits you but does no damage.
You barely miss Grinder.
Grinder is severely wounded.
Grinder blinks!
Grinder says, "Wait up."
You block Grinder's attack.
You see here a scroll labelled OPPOCOZEME.
You barely miss Grinder.
Grinder is severely wounded.
Grinder drinks a potion.
Grinder is healed!
You hit Grinder but do no damage. You headbutt Grinder, but do no damage.
Grinder is lightly wounded.
Grinder closely misses you.
You hit Grinder.
Grinder is lightly wounded.
Grinder gestures at you. Pain shoots through your body!
Grinder closely misses you.
You hit Grinder but do no damage.
Grinder is lightly wounded.
Grinder barely misses you.
You completely miss Grinder. You headbutt Grinder!
Grinder is moderately wounded.
Grinder hits you.
You writhe in agony.
* * * LOW HITPOINT WARNING * * *
You slash Grinder! You headbutt Grinder!
Grinder is almost dead.
Grinder gestures at you. Pain shoots through your body!
* * * LOW HITPOINT WARNING * * *
It was a potion of attraction.
You feel attractive to monsters. Grinder hits you.
* * * LOW HITPOINT WARNING * * *
Okay, then.
You closely miss Grinder.
Grinder is almost dead.
Grinder gestures at you. Pain shoots through your body!
You die...

##.##)#
#..........
##.##.#
#..........
....#.#
#..........
#####.#
#..........
......#
#..........
#######
#..........
.......
#.######...
#######
...#####5######...
......
.$......@......>
######
...###.#.######.
....# #.#.# ###.#
#.....# #.^....#
#......# ##.#.#.#
#.###.# #. .#


You could see Grinder.

Vanquished Creatures
  An ogre (D:2)
  Jessica (D:3)
  3 gnolls (D:3)
  2 adders
  3 worms (D:2)
  3 dart slugs
  4 endoplasms
  6 hobgoblins
  6 jackals (D:2)
  3 quokkas
  2 ball pythons (D:2)
  2 bats
  3 frilled lizards
  5 goblins
  6 kobolds
  4 rats
54 creatures vanquished.

Notes
Turn   | Place    | Note
-------+----------+-------------------------------------------
     0 | D:1      | Peloso the Minotaur Fighter began the quest for the Orb.
     0 | D:1      | Reached XP level 1. HP: 19/19 MP: 0/0
   170 | D:1      | Reached XP level 2. HP: 24/27 MP: 1/1
  1093 | D:2      | Reached XP level 3. HP: 33/33 MP: 2/2
  1152 | D:2      | Found a faded altar of an unknown god.
  1437 | D:2      | Noticed an ogre
  1444 | D:2      | Killed an ogre
  1445 | D:2      | Reached XP level 4. HP: 40/40 MP: 3/3
  1451 | D:2      | Reached XP level 5. HP: 47/47 MP: 4/4
  1469 | D:2      | Found Appoc's Antique Weapon Shoppe.
  2055 | D:3      | Noticed Jessica
  2065 | D:3      | Killed Jessica
  2275 | D:3      | Noticed Grinder
  2301 | D:3      | HP: 2/47 [Grinder (4)]
  2302 | D:3      | Killed from afar by Grinder

Illustrated notes

Levels and vault maps discovered:
D:1:      lightli_arrival_statuegarden, layout_loops_corners, nrook_mini_vaults,
          minmay_octomino_c4
D:2:      layout_loops_cross, serial_shops, shop,
          shapermc_ecumenical_altar_pompeii
D:3:      layout_basic, lightli_temple_of_fire, serial_shops,
          nicolae_shop_bloodbath_and_beyond, uniq_jessica, uniq_grinder

Skill      XL: |  1  2  3 |
---------------+----------+-----
Shields        | 4 |  4.4
Armour         | 4 |  4.9
Fighting       | 4 |  4.7
Long Blades    | 4 |  4.5
Dodging        | |  0.8
Stealth        | |  0.8

Action                     |  1- 3 |  4- 6 || total
---------------------------+-------+-------++-------
  Melee: Long sword        |    84 |    48 ||   132
         Headbutt          |     7 |     8 ||    15
    Use: Potion            |     3 |     1 ||     4
         Scroll            |     1 |     3 ||     4
 Armour: Scale mail        |    36 |    11 ||    47
  Dodge: Dodged            |    37 |    20 ||    57
  Block: Buckler           |    24 |    11 ||    35
